 Dungeon Crawl Stone Soup version 0.31.0-12-g77e489cdc1 (webtiles) character file.

Game seed: 12546436556799161924

273 Gadfly the Covered (level 6, 0/51 HPs)
             Began as an Armataur Fighter on Feb 29, 2024.
             Slain by a quokka (1 damage)
             ... on level 3 of the Dungeon.
             The game lasted 00:02:48 (1769 turns).

Gadfly the Covered (Armataur Fighter)               Turns: 1769, Time: 00:02:49

Health: 0/51       AC: 10    Str: 21    XL:     6   Next: 2%
Magic:  7/7        EV:  6    Int:  9    God:
Gold:   111        SH:  4    Dex: 11    Spells: 3/5 levels left

rFire   + . .        a - +0 flail (flame)
rCold   . . .        c - +0 buckler
rNeg    . . .        i - +2 chain mail {rF+}
rPois   .            (no helmet)
rElec   .            (no cloak)
rCorr   +            (no gloves)
SInv    .            (no barding)
Will    .....        (no amulet) Stlth
                     j - ring of resist corrosion
HPRegen 0.28/turn    (no ring)
MPRegen 0.10/turn

%: roll
@: no status effects
A: large, deformed body, tough skin 3, armoured tail, roll 1
a: no special abilities


You were on level 3 of the Dungeon.
You visited 1 branch of the dungeon, and saw 3 of its levels.

You collected 111 gold pieces.

Inventory:

Hand Weapons
 a - a +0 flail of flaming (weapon)
Armour
 c - a +0 buckler (worn)
 i - a +2 chain mail of fire resistance (worn)
Jewellery
 j - a ring of resist corrosion (left hand)
Wands
 e - a wand of mindburst (1)
Potions
 b - a potion of mutation
 d - a potion of might


   Skills:
 + Level 3.2 Fighting
 * Level 3.0 Maces & Flails
 + Level 4.4 Armour
 + Level 3.9 Shields
 * Level 2.5 Invocations
 * Level 2.4 Evocations


You had 3 spell levels left.
You knew the following spells:

 Your Spells              Type           Power      Damage    Failure   Level
a - Blink                 Tloc           0%         N/A       99%         2

Your spell library contained the following spells:

 Spells                   Type           Power      Damage    Failure   Level
 Lesser Beckoning         Tloc           0%         N/A       99%         2
 Momentum Strike          Conj/Tloc      0%         3d8       99%         2
 Gell's Gravitas          Tloc           0%         N/A       100%        3
 Teleport Other           Tloc           0%         N/A       100%        3
 Dispersal                Tloc           0%         N/A       100%        6


Dungeon Overview and Level Annotations

Branches:
Dungeon (3/15)

Altars:


Innate Abilities, Weirdness & Mutations

Armour fits poorly on your strangely shaped body.
You have extremely tough skin. (AC +3)
You have a long armoured tail.
You regenerate magic when rolling toward enemies. (Rampage MPRegen)


Message History

Ijyb hits you but does no damage.
You hit Ijyb. You burn Ijyb.
Ijyb is almost dead.
Ijyb hits you but does no damage.
You hit Ijyb but do no damage.
Ijyb is almost dead.
You feel yourself slow down. Ijyb hits you but does no damage.
You closely miss Ijyb.
Ijyb is almost dead.
You start to feel less resistant.
Ijyb hits you but does no damage.
You hit Ijyb. You burn Ijyb.
Ijyb is almost dead.
Ijyb hits you with a +0 dagger.
* * * LOW HITPOINT WARNING * * *
You hit Ijyb but do no damage.
Ijyb is almost dead.
Ijyb hits you but does no damage.
You completely miss Ijyb.
Ijyb is almost dead.
Ijyb hits you but does no damage.
You barely miss Ijyb.
Ijyb is almost dead.
You feel less wooden.
Your +2 chain mail of fire resistance unmelds from your body.
You feel resistant to fire. Ijyb hits you with a +0 dagger.
* * * LOW HITPOINT WARNING * * *
You block Ijyb's attack.
Aiming: Mindburst
Press: ? - help, Shift-Dir - straight line, f/p - Ijyb
Aim: Ijyb, wielding a +0 dagger, wearing a +0 leather armour and carrying a wand of flame (almost dead, chance to affect: 81%) Ijyb's mind is blasted!
You blow up Ijyb!
Your resistance to elements expires.
You have reached level 6!
You hit the quokka but do no damage. The quokka bites you.
* * * LOW HITPOINT WARNING * * *
The quokka bites you.
You die...

#...# #+##
#...# #.###
#.# . #.#
.. #.# #...
#.# .....
#.###......
#..@r......
########...


You could see a quokka.

Vanquished Creatures
  Sigmund (D:3)
  Ijyb (D:3)
  An orc wizard (D:2)
  2 adders (D:2)
  A ribbon worm (D:2)
  4 orcs (D:2)
  3 bats
  2 endoplasms (D:1)
  4 giant cockroaches
  2 goblins
  4 hobgoblins
  3 quokkas
  2 frilled lizards
  3 kobolds (D:1)
  5 rats
38 creatures vanquished.

Notes
Turn   | Place    | Note
-------+----------+-------------------------------------------
     0 | D:1      | Gadfly the Armataur Fighter began the quest for the Orb.
     0 | D:1      | Reached XP level 1. HP: 18/18 MP: 1/1
   236 | D:1      | Reached XP level 2. HP: 25/25 MP: 2/2
   860 | D:2      | Reached skill level 1 in Invocations
   916 | D:2      | Reached XP level 3. HP: 27/30 MP: 3/3
   994 | D:2      | Reached skill level 1 in Evocations
  1286 | D:2      | Reached skill level 4 in Armour
  1287 | D:2      | Reached XP level 4. HP: 10/37 MP: 3/5
  1651 | D:2      | Learned a level 2 spell: Blink
  1700 | D:3      | Noticed Sigmund
  1731 | D:3      | Killed Sigmund
  1732 | D:3      | Reached XP level 5. HP: 14/45 MP: 6/6
  1737 | D:3      | Noticed Ijyb
  1768 | D:3      | Killed Ijyb
  1769 | D:3      | Reached XP level 6. HP: 4/51 MP: 7/7
  1769 | D:3      | HP: 1/51 [quokka (3)]
  1769 | D:3      | Slain by a quokka

Illustrated notes

Levels and vault maps discovered:
D:1:      lemuel_arrival_cross, layout_loops_ring
D:2:      layout_loops_ring
D:3:      layout_loops_corners, uniq_sigmund, uniq_ijyb

Skill      XL: |  1  2  3  4 |
---------------+-------------+-----
Maces & Flails | 2 3 |  3.0
Invocations    | 1 2 |  2.5
Evocations     | 1 2 |  2.4
Armour         | 4 |  4.4
Fighting       | 3 |  3.2
Shields        | |  3.9

Action                     |  1- 3 |  4- 6 || total
---------------------------+-------+-------++-------
  Melee: Flail             |    91 |    63 ||   154
         Tailslap          |     7 |     1 ||     8
  Evoke: Wand              |       |     1 ||     1
    Use: Scroll            |     3 |     2 ||     5
         Potion            |     1 |     4 ||     5
 Armour: Scale mail        |    34 |       ||    34
         Chain mail        |    60 |    21 ||    81
         Skin              |       |    27 ||    27
  Dodge: Dodged            |    22 |     4 ||    26
  Block: Buckler           |    20 |     2 ||    22
